 Dungeon Crawl Stone Soup version 0.26-a0-660-gc07710193c (webtiles) character file.

Game seed: 11471780769709449911

8356 Birvald the Geomancer (level 11, -2/64 HPs)
             Began as a Gargoyle Earth Elementalist on Oct 7, 2020.
             Was an Elder of Vehumet.
             Engulfed by a cloud of flame (22 damage)
             ... on level 10 of the Dungeon.
             The game lasted 00:31:05 (8260 turns).

Birvald the Geomancer (Gargoyle Earth Elementalist) Turns: 8260, Time: 00:31:05

Health: -2/64      AC: 19    Str: 14    XL:     11   Next: 29%
Magic:  30/31      EV: 13    Int: 19    God:    Vehumet [****..]
Gold:   228        SH:  0    Dex: 10    Spells: 16/25 levels left

rFire    . . .     SeeInvis .   b - +0 morningstar (vorpal)
rCold    . . .     Faith    .   (no shield)
rNeg     + . .     Spirit   .   A - +2 leather armour {MR+}
rPois    ∞         Reflect  .   (no helmet)
rElec    +         Harm     .   (no cloak)
rCorr    .         Rampage  .   (no gloves)
MR       +....     Clarity  +   m - +0 pair of boots
Stlth    ++........             d - amulet of regeneration
HPRegen  0.60/turn              B - +4 ring of protection
MPRegen  0.22/turn              z - ring of magical power

@: no status effects
A: clarity, negative energy resistance 1, electricity resistance, strong 1,
unbreathing, petrification resistance, rot immunity, AC +8
a: Renounce Religion


You were on level 10 of the Dungeon.
You worshipped Vehumet.
Vehumet was greatly pleased with you.
You visited 2 branches of the dungeon, and saw 11 of its levels.

You collected 542 gold pieces.
You spent 314 gold pieces at shops.

Inventory:

Hand Weapons
 b - a +0 vorpal morningstar (weapon)
 r - a +0 flail
Missiles
 l - 88 stones (quivered)
Armour
 m - a +0 pair of boots (worn)
 A - a +2 leather armour of magic resistance (worn)
Jewellery
 d - an amulet of regeneration (around neck)
 p - an uncursed amulet of reflection
 q - a +4 ring of protection
 y - an uncursed ring of see invisible
 z - a ring of magical power (right hand)
 B - a +4 ring of protection (left hand)
 C - a +6 ring of strength
Wands
 t - a wand of iceblast (4)
 D - a wand of paralysis (8)
Scrolls
 g - 3 scrolls of fear
 i - 7 scrolls of teleportation
 n - 3 scrolls of summoning
 s - 3 scrolls of remove curse
 w - 2 scrolls of magic mapping
 E - 2 scrolls of immolation
Potions
 a - 2 potions of ambrosia
 c - 3 potions of brilliance
 e - 2 potions of magic
 f - 3 potions of heal wounds
 h - 2 potions of degeneration
 j - 2 potions of invisibility
 k - a potion of haste
 o - 3 potions of lignification
 u - 3 potions of curing
 v - a potion of cancellation {unknown}
 x - 2 potions of stabbing {unknown}


   Skills:
 + Level 5.6 Fighting
 + Level 5.2 Maces & Flails
 + Level 5.7 Armour
 + Level 4.7 Dodging
 - Level 2.1 Stealth
 + Level 7.5 Spellcasting
 + Level 8.2 Conjurations
   Level 0.7 Transmutations
 + Level 10.1 Earth Magic


You had 16 spell levels left.
You knew the following spells:

 Your Spells              Type           Power        Failure   Level
a - Sandblast             Erth           #####.       1%          1
b - Stone Arrow           Conj/Erth      #####.       1%          3
c - Lee's Rapid Deconstr  Erth           #####.....   1%          5

Your spell library contained the following spells:

 Spells                   Type           Power        Failure   Level
 Dazzling Flash           Conj/Hex       ###...       1%          3
 Passwall                 Tmut/Erth      ####....     1%          2
 Beastly Appendage        Tmut           #.....       9%          1
 Summon Small Mammal      Summ           #...         12%         1
 Wereblood                Tmut           #.......     13%         2
 Petrify                  Tmut/Erth      ####....     13%         4
 Call Imp                 Summ           #.......     19%         2
 Corpse Rot               Necr/Air       N/A          19%         2
 Spider Form              Tmut/Pois      #.........   30%         3
 Confusing Touch          Hex            #.......     34%         3
 Gell's Gravitas          Tloc           #.........   34%         3
 Yara's Violent Unravell  Hex/Tmut       #.........   54%         5
 Ice Form                 Ice/Tmut       #.......     71%         4
 Summon Ice Beast         Ice/Summ       #.......     75%         4
 Summon Lightning Spire   Summ/Air       #.......     75%         4
 Blade Hands              Tmut           #.........   94%         5
 Metabolic Englaciation   Hex/Ice        #.........   97%         5
 Death Channel            Necr           #.........   100%        6


Dungeon Overview and Level Annotations

Branches:
Dungeon (10/15)            Temple (1/1) D:6            Lair (0/6) D:10
    Orc: D:9-12

Altars:
Ashenzari
Cheibriados
Dithmenos
Elyvilon
Fedhas
Gozag
Hepliaklqana
Kikubaaqudgha
Makhleb
Nemelex Xobeh
Okawaru
Qazlal
Ru
Sif Muna
Trog
Uskayaw
Vehumet
Wu Jian
Xom
Yredelemnul
Zin
The Shining One

Shops:
D:5 (?[

Annotations:
D:8 3 runed translucent doors, emiel's ghost, novice DDFi; fly's ghost, novice FeTm; nojaa's ghost, novice TrCK; temitten's ghost, novice NaFi


Innate Abilities, Weirdness & Mutations

You are resistant to torment.
Your stone body is resilient. (AC +8)
You are immune to poison.
You resist negative energy. (rN+)
You are resistant to electric shocks. (rElec)
You can survive without breathing.
You are immune to petrification.
You are immune to rotting.
You possess an exceptional clarity of mind.
Your muscles are strong. (Str +2)


Message History

Vehumet accepts your kill. x2
You feel your power returning.
The fiery explosion engulfs the orc priest!
You kill the orc priest!
Vehumet accepts your kill.
You feel your power returning. Vehumet accepts your kill.
You feel your power returning. Vehumet accepts your kill.
Vehumet is now extending the range of your destructive spells.
You feel your power returning. Vehumet accepts your kill.
You feel your power returning.
You hear an explosion!
Vehumet accepts your kill.
You feel a bit more experienced. Vehumet accepts your kill. x2
Vehumet offers you knowledge of Dazzling Flash.
You feel your power returning.
You are engulfed in blazing flames.
You die...

#..# #..#
...... #..#
#...... #..#
#...... #..#
#.... ..# #..#
#... ..#
#..#########.#
..#
#............#
..#
#..........@§#
..#
#..#########○#
..# #..#
#§○○.9... ..#
#..# #§§§§9...
..# #..#
#§§§§.>..
..####..#
#§§§§....
........#
#........
........#
#.#......
..####..#
#.#......


You could see a gargoyle (inner flame).

Vanquished Creatures
  2 two-headed ogres
  A troll (D:9)
  A hornet (D:8)
  5 yaks (D:9)
  A wraith (D:10)
  A steam dragon (D:6)
  2 wargs (D:10)
  A soldier ant (D:10)
  3 sky beasts
  3 phantoms
  6 orc warriors
  3 ice beasts
  A necrophage (D:10)
  6 ogres
  3 centaurs
  Blork the orc (D:4)
  A big kobold (D:9)
  4 bullfrogs
  A wyvern zombie (D:8)
  A gnoll sergeant (D:5)
  A scorpion (D:7)
  6 killer bees (D:8)
  9 wights (D:8)
  2 quasits
  8 orc priests
  2 jellies
  2 bullfrog skeletons
  A gnoll shaman (D:8)
  6 hounds
  13 orc wizards
  2 bullfrog zombies
  Natasha (thrice) (D:3)
  A centaur skeleton (D:5)
  5 iguanas
  11 worker ants
  2 hound zombies
  3 hound skeletons
  12 gnolls
  10 adders
  3 white imps
  2 ufetubi
  3 oozes
  An adder zombie (D:5)
  An adder skeleton (D:5)
  A worm (D:4)
  4 leopard geckos
  37 orcs
  4 bats (D:3)
  7 giant cockroaches
  3 hobgoblins
  7 jackals
  14 kobolds
  3 quokkas
  A ball python (D:5)
  A ball python skeleton (D:4)
  5 frilled lizards
  6 goblins
  A leopard gecko skeleton (D:5)
  4 rats
254 creatures vanquished.

Vanquished Creatures (others)
  An orc (D:5)
  5 plants (D:5)
6 creatures vanquished.

Grand Total: 260 creatures vanquished

Notes
Turn   | Place    | Note
-------+----------+-------------------------------------------
     0 | D:1      | Birvald the Gargoyle Earth Elementalist began the quest for
                  | the Orb.
     0 | D:1      | Reached XP level 1. HP: 10/10 MP: 3/3
   474 | D:1      | Reached XP level 2. HP: 15/15 MP: 1/5
   611 | D:1      | Reached skill level 4 in Earth Magic
  1374 | D:2      | Reached XP level 3. HP: 19/19 MP: 6/6
  1379 | D:2      | Learned a level 3 spell: Stone Arrow
  1813 | D:3      | Reached skill level 1 in Conjurations
  1818 | D:3      | Reached XP level 4. HP: 22/24 MP: 1/8
  2047 | D:3      | Noticed Natasha
  2055 | D:3      | Killed Natasha
  2121 | D:3      | Reached skill level 5 in Earth Magic
  2159 | D:3      | Reached XP level 5. HP: 27/28 MP: 7/9
  2306 | D:3      | Noticed Natasha
  2313 | D:3      | Killed Natasha
  2407 | D:3      | Noticed Natasha
  2413 | D:3      | Killed Natasha
  2439 | D:4      | Noticed Blork the orc
  2445 | D:4      | Killed Blork the orc
  2445 | D:4      | Reached XP level 6. HP: 25/32 MP: 3/11
  2716 | D:4      | Learned a level 5 spell: Lee's Rapid Deconstruction
  2783 | D:4      | Reached skill level 6 in Earth Magic
  2939 | D:4      | Reached XP level 7. HP: 35/36 MP: 13/13
  3154 | D:5      | Entered Level 5 of the Dungeon
  3415 | D:5      | Reached skill level 5 in Spellcasting
  3415 | D:5      | Reached skill level 7 in Earth Magic
  3428 | D:5      | Reached skill level 5 in Conjurations
  3428 | D:5      | Reached XP level 8. HP: 12/41 MP: 4/15
  3536 | D:5      | Found Yntusiro's Antique Weapon Boutique.
  3669 | D:5      | Bought a glowing morningstar for 224 gold pieces
  3826 | D:5      | Found Hiunos's Magic Scroll Shoppe.
  3846 | D:5      | Bought a scroll of identify for 30 gold pieces
  3846 | D:5      | Bought a scroll of identify for 30 gold pieces
  3846 | D:5      | Bought a scroll of identify for 30 gold pieces
  3894 | D:5      | Found Hanezet's Armour Shoppe.
  4173 | D:6      | Found a staircase to the Ecumenical Temple.
  4209 | Temple   | Entered the Ecumenical Temple
  4314 | Temple   | Became a worshipper of Vehumet
  4457 | D:6      | Reached skill level 1 in Fighting
  4523 | D:6      | Found an opulent altar of Gozag.
  4547 | D:6      | Reached skill level 1 in Maces & Flails
  4547 | D:6      | Reached skill level 1 in Armour
  4840 | D:6      | Reached skill level 8 in Earth Magic
  4998 | D:6      | Reached XP level 9. HP: 48/48 MP: 17/17
  5273 | D:7      | Reached * piety under Vehumet
  5273 | D:7      | Offered knowledge of Freeze by Vehumet.
  5681 | D:7      | Gained mutation: Your muscles are strong. (Str +2) [potion
                  | of mutation]
  5681 | D:7      | Gained mutation: You possess an exceptional clarity of
                  | mind. [potion of mutation]
  5831 | D:7      | Found a bloodstained altar of Trog.
  5990 | D:8      | Found an iron altar of Okawaru.
  6091 | D:8      | Identified the Papyrus of Supportive Darkness
  6127 | D:8      | Reached skill level 9 in Earth Magic
  6127 | D:8      | Reached XP level 10. HP: 31/56 MP: 14/19
  6127 | D:8      | Reached ** piety under Vehumet
  6127 | D:8      | Offered knowledge of Shock by Vehumet.
  6285 | D:8      | Noticed a two-headed ogre
  6298 | D:8      | Killed a two-headed ogre
  6451 | D:8      | Found a burning altar of Makhleb.
  6743 | D:8      | Found a runed translucent gate.
  6744 | D:8      | Found a runed translucent gate.
  6745 | D:8      | Found a runed translucent gate.
  6746 | D:8      | Noticed temitten's ghost (novice NaFi)
  6746 | D:8      | Noticed emiel's ghost (novice DDFi)
  6747 | D:8      | Noticed fly's ghost (novice FeTm)
  6747 | D:8      | Noticed nojaa's ghost (novice TrCK)
  6812 | D:8      | Offered knowledge of Mephitic Cloud by Vehumet.
  7163 | D:9      | Reached *** piety under Vehumet
  7486 | D:9      | Reached skill level 5 in Armour
  7488 | D:9      | Reached skill level 5 in Fighting
  7719 | D:9      | Noticed a two-headed ogre
  7720 | D:9      | Reached XP level 11. HP: 63/63 MP: 17/21
  7729 | D:9      | Killed a two-headed ogre
  7729 | D:9      | Reached skill level 5 in Maces & Flails
  7747 | D:9      | Offered knowledge of Inner Flame by Vehumet.
  7755 | D:9      | Reached skill level 10 in Earth Magic
  8075 | D:10     | Entered Level 10 of the Dungeon
  8254 | D:10     | Found a staircase to the Lair.
  8260 | D:10     | Reached **** piety under Vehumet
  8260 | D:10     | Offered knowledge of Dazzling Flash by Vehumet.
  8260 | D:10     | Engulfed by a cloud of flame

Illustrated notes

Levels and vault maps discovered:
D:1:      roderic_chinese_lattice_arrival, layout_basic
D:2:      layout_loops_ring
D:3:      layout_rooms, uniq_natasha
D:4:      layout_rooms, uniq_blork_the_orc
D:5:      layout_cave_pools, serial_shops, shop_statue,
          nicolae_shop_overgrown_old_shop, shop_fountains, minmay_statues_item
D:6:      layout_loops_cross, lemuel_doored_altar, minmay_temple_entry_tees
D:7:      layout_rooms, serial_corexii_hall, corexii_hall_statues_l,
          corexii_hall_statues_t, chequers_hall_statues_y,
          chequers_hall_statues_wall_a, grunt_ministairs_14,
          minmay_misc_feat_rows, trog_butcher_becter
D:8:      layout_basic, basic_altar, gammafunk_ghost_cemetery,
          makhleb_heckhound_becter
D:9:      layout_small_grid
D:10:     layout_small_grid, erik_lair_orcish_takeover, david_orc_4
Temple:   kilobyte_greek_temple

Skill      XL: |  1  2  3  4  5  6  7  8  9 10 11 |
---------------+----------------------------------+-----
Earth Magic    | 4 5 6 7 8 9 10 | 10.1
Conjurations   | 1 2 3 5 6 7 8 |  8.2
Spellcasting   | 3 4 5 6 7 |  7.5
Fighting       | 2 3 5 |  5.6
Maces & Flails | 1 3 4 5 |  5.2
Armour         | 2 3 5 |  5.7
Dodging        | 2 3 4 |  4.7
Stealth        | |  2.1
Transmutations | |  0.7

Action                   |  1- 3 |  4- 6 |  7- 9 | 10-12 || total
-------------------------+-------+-------+-------+-------++-------
Melee: Dagger            |    29 |       |       |       ||    29
       Short sword       |    64 |    50 |       |       ||   114
       Falchion          |       |    51 |   102 |       ||   153
       Morningstar       |       |       |   210 |   165 ||   375
 Cast: Sandblast         |    11 |    29 |    67 |    42 ||   149
       Stone Arrow       |     1 |       |    15 |    36 ||    52
       Lee's Rapid Decon |       |       |     8 |    15 ||    23
Evoke: Wand              |       |       |     1 |     7 ||     8
  Use: Scroll            |     6 |     4 |    12 |     4 ||    26
       Potion            |       |       |     2 |     2 ||     4
 Stab: Sleeping          |     1 |     2 |     4 |       ||     7
Armor: Robe              |     8 |       |       |       ||     8
       Leather armour    |    28 |    59 |   256 |   140 ||   483
Dodge: Dodged            |    64 |    73 |   360 |   195 ||   692
       Rpst.: Falchion   |       |    15 |    33 |       ||    48

Table legend: (Time is in decaauts)
 A = Elapsed time spent in this place.
 B = Non-inter-level travel time spent in this place.
 C = Inter-level travel time spent in this place.
 D = Time resting spent in this place.
 E = Time spent auto-exploring this place.
 F = Levels seen in this place.
 G = Mean time per level.
                   A        B        C        D        E       F      G
               +--------+--------+--------+--------+--------+-----+--------+
         Total |   8444 |   8180 |    264 |   1030 |   4912 |  11 |  767.6 |
       Dungeon |   8301 |   8073 |    228 |   1030 |   4821 |  10 |  830.1 |
        Temple |    143 |    107 |     36 |      0 |     91 |   1 |  143.0 |
               +--------+--------+--------+--------+--------+-----+--------+

Top non-repeatable levels by time:
     D:1: 1173 daAuts
     D:9: 1073 daAuts
     D:8: 1059 daAuts
     D:5: 1007 daAuts
     D:6: 941 daAuts
     D:7: 847 daAuts
     D:4: 735 daAuts
     D:3: 651 daAuts
     D:2: 623 daAuts
    D:10: 188 daAuts
  Temple: 143 daAuts
